 Dungeon Crawl Stone Soup version 0.19-a0-261-g60b6c46 (webtiles) character file.

88 AlphabetPasta the Caller (level 4, 0/21 HPs)
             Began as a Vine Stalker Summoner on May 26, 2016.
             Slain by a gnoll
             ... wielding a +0 halberd
              (8 damage)
             ... on level 3 of the Dungeon.
             The game lasted 00:10:14 (2163 turns).

AlphabetPasta the Caller (Vine Stalker Summoner)    Turns: 2163, Time: 00:10:15

Health: 0/21       AC:  3    Str: 10    XL:     4   Next: 53%
Magic:  0/10       EV: 12    Int: 16    God:
Gold:   92         SH:  0    Dex: 15    Spells: 4 memorised, 1 level left

rFire  . . .     SeeInvis .     (no weapon)
rCold  . . .     Gourm    .     a - +0 robe
rNeg   . . .     Faith    .     (no shield)
rPois  .         Spirit   +     n - +0 helmet
rElec  .         Dismiss  .     (no cloak)
rCorr  .         Reflect  .     (no gloves)
SustAt .         Harm     .     (no boots)
MR     .....                    (no amulet)
Stlth  ++........               (no ring)
                                (no ring)

@: not resistant to hostile enchantments, unstealthy
A: fangs 2, regeneration 1, magic shield, antimagic bite, no device heal 3, rot
immunity
a: no special abilities


You were on level 3 of the Dungeon.
You were not hungry.

You visited 1 branch of the dungeon, and saw 3 of its levels.

You collected 92 gold pieces.

Inventory:

Armour
 a - a +0 robe (worn)
 n - a +0 helmet (worn)
Jewellery
 m - an uncursed ring of flight {unknown}
Wands
 f - a wand of iceblast (8/15)
Scrolls
 d - 2 scrolls of identify {unknown}
 i - a scroll of enchant armour {unknown}
 j - 2 scrolls of teleportation {unknown}
 k - a scroll of blinking {unknown}
 l - 2 scrolls of remove curse {unknown}
 o - a scroll of fear {unknown}
Potions
 e - a potion of might {unknown}
 h - 3 potions of curing {unknown}
 p - a potion of invisibility {unknown}
 r - a potion of haste {unknown}
Books
 b - a book of Callings

   Spells                             Type                      Level
   a - Summon Small Mammal            Summoning                    1
   b - Call Imp                       Summoning                    2
   c - Call Canine Familiar           Summoning                    3
   d - Summon Guardian Golem          Hexes/Summoning              3
   e - Summon Lightning Spire         Summoning/Air                4
   f - Summon Ice Beast               Ice/Summoning                4
Comestibles
 c - a bread ration
 g - a beef jerky
 q - 2 chunks of flesh


   Skills:
 + Level 0.1 Fighting
 + Level 2.0 Dodging
 - Level 2.4 Stealth
 * Level 3.5 Spellcasting
 + Level 4.5 Summonings
 + Level 0.8 Evocations


You had one spell level left.
You knew the following spells:

 Your Spells              Type           Power        Failure   Level  Hunger
a - Summon Small Mammal   Summ           ###.         3%          1    None
b - Call Imp              Summ           ###.....     6%          2    ##.....
c - Call Canine Familiar  Summ           ###.....     12%         3    ###....
d - Summon Guardian Gole  Hex/Summ       ##......     21%         3    ###....


Dungeon Overview and Level Annotations

Branches:
Dungeon (3/15)

Altars:


Innate Abilities, Weirdness & Mutations

You have extremely sharp teeth.
Your natural rate of healing is unusually fast.
When hurt, damage is shared between your health and your magic reserves.
Your bite disrupts and absorbs the magic of your enemies.
Potions and wands cannot restore your health.
You are immune to rotting.


Message History

Anything else - Stay silent.
Gang up on whom?
Press: ? - help, Dir - move target cursor, f - gnoll
Aim: a gnoll, wielding a spear Attack!
You hear a shout!
The gnoll barely misses you.
A gnoll comes into view. It is wielding a halberd.
Your hound bites the gnoll but does no damage.
The gnoll hits you but does no damage.
Your hound bites the gnoll.
The gnoll barely misses you.
The gnoll hits your hound with a halberd.
Your hound bites the gnoll.
Your hound barely misses the gnoll.
The gnoll hits you from afar with a spear!
The gnoll hits your hound but does no damage.
Your hound barely misses the gnoll.
The gnoll hits you with a spear.
Your hound bites the gnoll.
The gnoll hits you from afar with a halberd!
You die...

#.#.....####.#
# #.#.#####
#.## # #.#
#.... . #.#
### ... #.#
##. #.# #. #.#
## #.# #@#
#.hg# ..>.g..
###...#..#
##.##..# #.#
!# ... . ##.
.#


You could see 2 gnolls and a friendly hound.

Vanquished Creatures
  2 adders (D:2)
  3 worms
  A dart slug (D:2)
  A giant gecko (D:2)
  4 bats
  2 giant cockroaches (D:1)
  9 goblins
  2 hobgoblins (D:2)
  4 jackals (D:2)
  7 kobolds
  2 quokkas (D:2)
  A ball python (D:1)
  3 giant newts (D:1)
  8 rats
49 creatures vanquished.

Vanquished Creatures (collateral kills)
  2 gnolls (D:3)
  A goblin (D:2)
  2 jackals (D:2)
  A quokka (D:2)
6 creatures vanquished.

Grand Total: 55 creatures vanquished

Notes
Turn   | Place    | Note
--------------------------------------------------------------
     0 | D:1      | AlphabetPasta the Vine Stalker Summoner began the quest for the Orb.
     0 | D:1      | Reached XP level 1. HP: 9/9 MP: 4/4
    13 | D:1      | Noticed a minotaur zombie
   332 | D:1      | Reached XP level 2. HP: 10/13 MP: 4/6
   336 | D:1      | Learned a level 2 spell: Call Imp
   921 | D:2      | Reached XP level 3. HP: 14/16 MP: 8/8
  1059 | D:2      | Learned a level 3 spell: Call Canine Familiar
  1423 | D:2      | Reached XP level 4. HP: 17/21 MP: 7/9
  1436 | D:2      | Learned a level 3 spell: Summon Guardian Golem
  2163 | D:3      | Slain by a gnoll

Vault maps used:
D:1:      shiori_arrival_whats_in_store_for_you
D:2:      forest_paths
D:3:      minmay_misc_feat_ornament, uniq_natasha

Skill      XL: |  1  2  3 |
---------------+----------+-----
Spellcasting   | 3 |  3.5
Dodging        | 2 |  2.0
Fighting       | |  0.1
Stealth        | |  2.4
Summonings     | |  4.5
Evocations     | |  0.8

Action                   |  1- 3 |  4- 6 || total
-------------------------+-------+-------++-------
Melee: Unarmed           |   310 |    51 ||   361
       Bite              |    62 |    12 ||    74
 Cast: Call Canine Famil |     1 |     6 ||     7
       Call Imp          |     1 |       ||     1
Evoke: Wand              |     1 |       ||     1
 Stab: Sleeping          |     5 |       ||     5
       Distracted        |       |     1 ||     1
  Eat: Chunk             |     2 |     3 ||     5
Armor: Robe              |    68 |     5 ||    73
Dodge: Dodged            |   210 |    30 ||   240
